 Dungeon Crawl Stone Soup version 0.23-a0-644-gb60d84b (webtiles) character file.

68 Borgoz the Sneak (level 4, 0/27 HPs)
             Began as a Kobold Assassin on Jan 2, 2019.
             Slain by Terence
             ... wielding a +0 short sword
              (2 damage)
             ... on level 2 of the Dungeon.
             The game lasted 00:04:07 (1743 turns).

Borgoz the Sneak (Kobold Assassin)                  Turns: 1743, Time: 00:04:07

Health: 0/27       AC:  3    Str:  9    XL:     4   Next: 41%
Magic:  0/4        EV: 15    Int: 12    God:
Gold:   25         SH:  0    Dex: 16    Spells: 3/3 levels left

rFire    . . .     SeeInvis .   a - +2 dagger
rCold    . . .     Gourm    .   (shield restricted)
rNeg     . . .     Faith    .   c - +0 robe
rPois    .         Spirit   +   (no helmet)
rElec    .         Reflect  .   d - +0 cloak
rCorr    .         Harm     .   (no gloves)
MR       .....                  (no boots)
Stlth    +++.......             j - amulet of guardian spirit
HPRegen  0.09/turn              (no ring)
MPRegen  0.09/turn              (no ring)

@: no status effects
A: small, carnivore
a: no special abilities


You were on level 2 of the Dungeon.
You were completely stuffed.

You visited 1 branch of the dungeon, and saw 2 of its levels.

You collected 25 gold pieces.

Inventory:

Hand Weapons
 a - a +2 dagger (weapon)
 b - a +0 blowgun
Armour
 c - a +0 robe (worn)
 d - a +0 cloak (worn)
Jewellery
 j - an amulet of guardian spirit (around neck)
Scrolls
 h - 2 scrolls of enchant armour {unknown}
 i - 2 scrolls of identify {unknown}
 n - a scroll of blinking {unknown}
 p - a scroll of remove curse {unknown}
Potions
 k - a potion of resistance {unknown}
 m - a potion of heal wounds {unknown}
 o - a potion of berserk rage {unknown}
Comestibles
 g - 3 rations
 l - a chunk of flesh


   Skills:
 + Level 2.5 Fighting
 + Level 3.8 Short Blades
 - Level 2.1 Throwing
 + Level 2.0 Dodging
 + Level 6.6 Stealth


You had 3 spell levels left.
You didn't know any spells.
Your spell library was empty.

Dungeon Overview and Level Annotations

Branches:
Dungeon (2/15)

Altars:

Annotations:
D:2 Terence


Innate Abilities, Weirdness & Mutations

You are small and have problems with some larger weapons.
You are carnivorous and can eat meat at any time.


Message History

Terence hits you with a +0 short sword.
* * * LOW HITPOINT WARNING * * *
Terence asks, "Do you want it fast or slow?"
You see here a curare-tipped needle.
Some of the chunks of flesh in your inventory have rotted away.
a - a +2 dagger (weapon)
Terence closely misses you.
You hit Terence.
Terence is severely wounded.
You hit Terence but do no damage.
Terence is severely wounded.
Terence barely misses you.
You hit Terence.
Terence is almost dead.
Terence hits you with a +0 short sword.
* * * LOW HITPOINT WARNING * * *
You hit Terence but do no damage.
Terence is almost dead.
Terence hits you with a +0 short sword.
You die...

...###### ##### ###...#... ....
....... . ... ..# #...# .##.# #.#
#(## ## ...# #.#######..# .. #..#
#..........# . #..# #.#######..#
#.#..# #.# #.@@...# #
#.#.#..###.# #.###..#############
#......(...###.###.............#.
##..#..###.#((.........#####.....
# #..# #..........##.#####.#.#.
#.(###...#รท###(.##...........
#...##...#.# #.....#####.#.#.
#.......##.# ##.##.##........
###.######.# #.##.##.##.#.#.


You could see Terence.

Vanquished Creatures
  An adder (D:2)
  An ooze (D:2)
  2 dart slugs (D:1)
  A leopard gecko (D:1)
  A ball python (D:1)
  3 giant cockroaches
  9 hobgoblins
  4 jackals (D:1)
  2 quokkas (D:2)
  5 bats
  A frilled lizard (D:2)
  4 goblins (D:1)
  4 kobolds (D:1)
  9 rats
47 creatures vanquished.

Notes
Turn   | Place    | Note
-------+----------+-------------------------------------------
     0 | D:1      | Borgoz the Kobold Assassin began the quest for the Orb.
     0 | D:1      | Reached XP level 1. HP: 12/12 MP: 1/1
   153 | D:1      | Reached XP level 2. HP: 12/17 MP: 2/2
   509 | D:1      | Reached skill level 6 in Stealth
   721 | D:1      | Reached XP level 3. HP: 22/22 MP: 3/3
  1450 | D:2      | Reached XP level 4. HP: 27/27 MP: 4/4
  1656 | D:2      | Noticed Terence
  1743 | D:2      | Slain by Terence

Vault maps used:
D:1:      mushboom_english_gardens
D:2:      gammafunk_temple_overflow_wave, fedhas_altar_3, uniq_terence

Skill      XL: |  1  2  3  4 |
---------------+-------------+-----
Short Blades   | 3 |  3.8
Stealth        | 6 |  6.6
Dodging        | 2 |  2.0
Fighting       | |  2.5
Throwing       | |  2.1

Action                   |  1- 3 |  4- 6 || total
-------------------------+-------+-------++-------
Melee: Dagger            |   129 |    54 ||   183
 Fire: Blowgun           |       |    13 ||    13
 Stab: Sleeping          |     9 |       ||     9
  Eat: Chunk             |    10 |     1 ||    11
Armor: Robe              |    20 |     3 ||    23
Dodge: Dodged            |    79 |    40 ||   119

Table legend:
 A = Non-vault XP
 B = Vault XP
 C = Vault XP percentage of total XP
 D = Non-vault monster count
 E = Vault monster count
 F = Vault count percentage of total count
                 A         B        C        D         E       F
            +---------+---------+-------+---------+---------+-------
      Total |      98 |       0 |   0.0 |      47 |       0 |   0.0
            +---------+---------+-------+---------+---------+-------
        D:1 |      64 |       0 |   0.0 |      36 |       0 |   0.0
        D:2 |      34 |       0 |   0.0 |      11 |       0 |   0.0
            +---------+---------+-------+---------+---------+-------
